 Dungeon Crawl Stone Soup version 0.18.1-47-g9310371 (webtiles) character file.

141709 PeterLawrence the Warrior (level 16, -23/159 HPs)
             Began as a Minotaur Fighter on June 17, 2016.
             Was the Champion of Okawaru.
             Killed by the air
             ... invoked by Rayreche the Cloud Mage
              (26 damage)
             ... in a wizard's laboratory on June 18, 2016.
             The game lasted 01:20:55 (24810 turns).

PeterLawrence the Warrior (Minotaur Fighter)       Turns: 24810, Time: 01:20:56

Health: -23/159    AC: 30    Str: 22    XL:     16   Next: 78%
Magic:  18/20      EV: 13    Int:  3    God:    Okawaru [******]
Gold:   916        SH: 17    Dex: 18    Spells: 1 memorised, 9 levels left

rFire  + + .     SeeInvis +     o - +2 mace (freeze)
rCold  + . .     Gourm    .     R - +5 crystal plate armour of a sewer {Dex+2 SInv}
rNeg   . . .     Faith    .     d - +3 shield {reflect}
rPois  +         Spirit   .     V - +1 hat "Onudiler" {rF+}
rElec  +         Dismiss  .     w - +1 cloak
rCorr  +         Reflect  +     k - +0 pair of gloves
SustAt .         Harm     .     S - +1 pair of boots {Stlth+}
MR     +++..                    n - amulet of regeneration
Stlth  ..........               b - ring of protection from magic
                                t - ring "Iwnacwu" {rElec rPois MR+ Int-2 SInv}

@: resistant, heroism, corroded, heavily drained, extremely resistant to hostile
enchantments, extremely unstealthy
A: retaliatory headbutt, horns 2
a: Heroism, Finesse, Renounce Religion


You were in a wizard's laboratory.
You worshipped Okawaru.
Okawaru was exalted by your worship.
You were very hungry.

You visited 5 branches of the dungeon, and saw 28 of its levels.
You also visited: Labyrinth, Ice Cave and Wizlab.

You collected 2342 gold pieces.
You spent 1426 gold pieces at shops.

Inventory:

Hand Weapons
 o - a +2 mace of freezing (weapon)
 x - the +8 hand crossbow "Coeshriu" {elec, rElec Str+2}
   (You found it on level 2 of the Lair of Beasts)

   It charges the ammunition it shoots with electricity; occasionally upon a
   hit, such missiles may discharge and cause terrible harm.
   It affects your strength (+2).
   It insulates you from electricity.
Missiles
 z - 67 bolts (quivered)
Armour
 d - a +3 shield of reflection (worn)
 k - a +0 pair of gloves (worn)
 w - a +1 cloak (worn)
 R - the +5 crystal plate armour of a sewer (worn) {Dex+2 SInv}
   (Okawaru gifted it to you on level 8 of the Lair of Beasts)

   It affects your dexterity (+2).
   It lets you see invisible.
 S - a +1 pair of boots of stealth (worn)
 V - the +1 hat "Onudiler" (worn) {rF+}
   (Okawaru gifted it to you on level 13 of the Dungeon)

   It protects you from fire.
Jewellery
 b - a ring of protection from magic (right hand)
 n - an amulet of regeneration (around neck)
 p - an uncursed ring of protection from fire
 t - the ring "Iwnacwu" (left hand) {rElec rPois MR+ Int-2 SInv}
   (You found it on level 10 of the Dungeon)

   [ring of poison resistance]

   It affects your intelligence (-2).
   It insulates you from electricity.
   It protects you from poison.
   It affects your resistance to hostile enchantments.
   It lets you see invisible.
 B - an uncursed ring of positive energy
 J - a +4 ring of dexterity
 U - the ring "Syorez" {+Fly rElec rC+ MP+9 Str+4}
   (You found it in an ice cave)

   [ring of magical power]

   It affects your strength (+4).
   It protects you from cold.
   It insulates you from electricity.
   It affects your magic capacity (+9).
   It lets you fly.
Wands
 u - a wand of slowing (22/48)
 G - a wand of heal wounds (7/9)
 M - a wand of hasting (8/9)
Scrolls
 e - 19 scrolls of identify
 h - 2 scrolls of fog
 s - 5 scrolls of teleportation
 y - a scroll of enchant weapon
 C - 2 scrolls of enchant armour
 D - a scroll of holy word
 K - 5 scrolls of recharging
 L - 4 scrolls of magic mapping
 O - 10 scrolls of remove curse
 Q - a scroll of blinking
 T - a scroll of fear
Potions
 c - 3 potions of might
 i - a potion of berserk rage
 j - 8 potions of curing
 m - a potion of heal wounds
 v - 8 potions of flight
 A - 2 potions of cure mutation
 F - 3 potions of agility
 H - 4 potions of resistance
 I - 3 potions of haste
 N - a potion of cancellation
Books
 P - a book of Enchantments

   Spells                             Type                      Level
   a - Cause Fear                     Hexes                        4
   b - Yara's Violent Unravelling     Hexes/Transmutation          5
   c - Silence                        Hexes/Air                    5
   d - Deflect Missiles               Charms/Air                   6
   e - Haste                          Charms                       6
   f - Discord                        Hexes                        8
Comestibles
 a - 13 meat rations
 f - 5 bread rations
 l - 17 royal jellies
 q - 2 fruits


   Skills:
 - Level 18.5(20.0) Fighting
 - Level 14.1(15.9) Maces & Flails
 - Level 10.1(12.1) Crossbows
 - Level 15.9(17.6) Armour
 - Level 12.8(14.7) Dodging
 + Level 12.5(14.4) Shields
 - Level 7.0(4.6) Invocations


You had 9 spell levels left.
You knew the following spells:

 Your Spells              Type           Power        Failure   Level  Hunger
a - Haste                 Chrm           #.......     100%        6    #######


Dungeon Overview and Level Annotations

Branches:
Dungeon (15/15) Temple (1/1) D:5 Lair (8/8) D:8 Swamp (0/4) Lair:4 Spider (0/4) Lair:6 Slime (0/6) Lair:8 Orc (2/2) D:12 Elf (2/3) Orc:2 Vaults (0/5) D:13 D:14 Depths (0/5) D:15

Altars:
Ashenzari
Cheibriados
Dithmenos
Elyvilon
Fedhas
Gozag
Kikubaaqudgha
Makhleb
Nemelex Xobeh
Okawaru
Pakellas
Qazlal
Ru
Sif Muna
Trog
Vehumet
Xom
Yredelemnul
Zin
The Shining One
Jiyva

Shops:
D:4 !   D:5 }   D:7 ?   D:12 *   D:13 }   Orc:2 :*?=[


Innate Abilities, Weirdness & Mutations

You reflexively headbutt those who attack you in melee.
You have a pair of horns on your head.


Message History

You bludgeon Rayreche!! You freeze Rayreche!
Rayreche is heavily wounded.
You are engulfed in negative energy.
You feel drained. Rayreche hits you but does no damage.
Drink which item? (? for menu, Esc to quit)
You feel much better.
You are engulfed in negative energy.
You feel drained.
* * * LOW HITPOINT WARNING * * *
Rayreche gestures at you while chanting.
Rayreche creates a blast of acidic fog!
You hit Rayreche but do no damage.
You headbutt Rayreche, but do no damage.
Rayreche is heavily wounded.
You are engulfed in negative energy.
You feel drained.
* * * LOW HITPOINT WARNING * * *
Drink which item? (? for menu, Esc to quit)
You feel much better.
You are engulfed in negative energy.
You feel drained.
* * * LOW HITPOINT WARNING * * *
Rayreche waves his arms in wide circles.
The air twists around and strikes you!
You die...

...▓▓▓§§§ ≈≈...▓▓▓§ #≈≈≈...▓▓ #
##############≈≈≈≈≈..▓
§§#§§#§§#§§#§§##≈≈≈≈≈≈.▓
§§...§§§§§§§§§§#≈≈≈≈≈≈..
§.....§§§§§§§§§#≈≈≈≈≈≈≈.
.......§§§§§§§§#≈≈≈≈≈≈≈.
.......@§§§§§§.'†.......
......@.§§§§§§§#≈≈≈≈≈≈≈.
.........§§§§§§#≈≈≈≈≈≈≈. #
§.........§§§§§#≈≈≈≈≈≈.. ≈##
§.#..#..#..#§§##≈≈≈≈≈≈.▓ ≈≈≈### #
##############≈≈≈≈≈..▓
≈≈≈≈≈####################≈≈≈...▓▓
≈≈≈≈≈≈≈≈≈≈≈≈≈≈≈≈≈≈≈≈≈≈≈≈≈≈...▓▓▓≈
................[[.........▓▓▓≈≈≈


You could see Rayreche the Cloud Mage.

Vanquished Creatures
  Rupert (D:13)
  Gastronok (Lair:3)
  Donald (D:13)
  Louise (D:15)
  A frost giant (IceCv)
  A deep elf sorcerer (Elf:1)
  Maud (Lair:3)
  A minotaur (Lab)
  The ghost of sveltemanboy the Basher, a journeyman OgHu of Okawaru (Lair:1)
  A fire dragon (D:13)
  9 hydras
  Harold (D:10)
  4 ogre magi (Orc:2)
  2 spriggan air magi (WizLab)
  Erica (D:10)
  6 dancing weapons (Elf:1)
  7 death yaks
  6 centaur warriors (D:13)
  3 tengu warriors
  The ghost of Typee the Covert, a journeyman OpCj of Vehumet (D:11)
  3 deep elf knights
  The ghost of Rationalist the Nimble, a novice MiBe of Trog (D:8)
  Nergalle (D:10)
  A skeletal warrior (D:13)
  2 unseen horrors (D:13)
  A giant orange brain (D:15)
  The ghost of Malvoorn the Grappler, a novice TrMo (D:7)
  2 deep elf archers (Elf:1)
  4 hill giants
  A wolf spider (D:15)
  A griffon (D:13)
  21 deep elf magi
  20 ugly things
  4 manticores
  An oklob plant (Lair:7)
  3 cyclopes
  4 black mambas
  A guardian serpent (shapeshifter) (D:15)
  11 spiny frogs
  A torpor snail (Lair:5)
  6 gargoyles
  2 kobold demonologists (D:13)
  4 rime drakes
  An efreet (D:13)
  7 komodo dragons
  A komodo dragon (shapeshifter) (D:15)
  2 spriggan druids (Lair:8)
  A tengu conjurer (D:13)
  6 trolls
  A merfolk (shapeshifter) (D:15)
  Grinder (D:3)
  24 polar bears
  A queen bee (D:9)
  17 two-headed ogres
  2 giant leeches (Lair:4)
  5 slime creatures
  3 boulder beetles
  7 wind drakes (WizLab)
  13 blink frogs
  28 air elementals
  A water elemental (D:13)
  A wraith (D:11)
  7 redbacks
  43 yaks
  9 spriggans (Lair:8)
  2 vampires
  3 wyverns
  3 fire elementals
  3 basilisks
  3 hungry ghosts
  15 humans
  12 hippogriffs
  12 vampire mosquitoes
  A mottled dragon (D:13)
  A warg (Orc:2)
  Menkaure (D:5)
  Edmund (D:4)
  9 insubstantial wisps (WizLab)
  2 soldier ants (D:13)
  2 swamp worms (Lair:4)
  13 water moccasins
  11 porcupines
  7 black bears
  4 sky beasts
  11 ice beasts
  9 orc warriors
  A phantom (D:9)
  29 wolves
  5 wasps
  2 necrophages
  2 eyes of draining
  23 ogres
  14 centaurs
  14 crocodiles
  A big kobold (D:13)
  19 giant frogs
  A wyvern zombie (D:13)
  2 earth elementals
  A wyvern skeleton (D:15)
  8 scorpions
  49 killer bees
  6 howler monkeys
  2 spriggan skeletons (Lab)
  2 electric eels (Lair:6)
  5 crimson imps
  5 centaur zombies
  4 giant frog zombies
  2 giant frog skeletons
  6 jellies
  17 orc priests
  10 centaur skeletons
  11 hounds
  17 orc wizards
  Jessica (D:4)
  6 iguanas
  15 worker ants
  A killer bee zombie (D:8)
  8 sheep (Lair:8)
  2 hound zombies
  A howler monkey zombie (D:11)
  50 river rats
  8 adders
  9 shadow imps
  6 oozes
  5 adder skeletons
  2 worms
  8 giant geckos
  65 orcs
  2 ball pythons (D:4)
  5 giant cockroaches
  4 goblins
  9 hobgoblins
  9 jackals
  18 kobolds
  4 quokkas
  12 bats
  A giant cockroach zombie (D:6)
  3 giant newts
  A jackal skeleton (D:6)
  A quokka skeleton (D:4)
  4 rats
  A plant (Lair:7)
971 creatures vanquished.

Vanquished Creatures (others)
  A centaur warrior (D:14)
  A death yak (IceCv)
  A deep elf archer (Elf:1)
  A cyclops (D:15)
  A polar bear (IceCv)
  A wind drake (WizLab)
  4 yaks (IceCv)
  A human (D:14)
  A fulminant prism (D:11)
  13 fungi
  2 plants (Lair:4)
27 creatures vanquished.

Grand Total: 998 creatures vanquished

Notes
Turn   | Place    | Note
--------------------------------------------------------------
     0 | D:1      | PeterLawrence the Minotaur Fighter began the quest for the Orb.
     0 | D:1      | Reached XP level 1. HP: 19/19 MP: 0/0
   235 | D:1      | Reached XP level 2. HP: 27/27 MP: 1/1
   410 | D:2      | Reached XP level 3. HP: 33/33 MP: 2/2
   593 | D:2      | Reached skill level 4 in Fighting
   800 | D:3      | Noticed Grinder
   801 | D:3      | Paralysed by Grinder for 5 turns
   812 | D:3      | Reached XP level 4. HP: 40/40 MP: 3/3
   820 | D:3      | Killed Grinder
   820 | D:3      | Reached XP level 5. HP: 41/46 MP: 4/4
   820 | D:3      | Reached XP level 6. HP: 47/52 MP: 5/5
   855 | D:3      | Noticed Jessica
   871 | D:4      | Killed Jessica
  1192 | D:4      | Found Xoqianem's Distillery.
  1199 | D:4      | Bought a potion of heal wounds for 55 gold pieces
  1246 | D:4      | Reached XP level 7. HP: 59/59 MP: 6/6
  1478 | D:4      | Found a glowing drain.
  1847 | D:5      | Entered Level 5 of the Dungeon
  1847 | D:5      | Noticed Edmund
  1875 | D:4      | Killed Edmund
  1916 | D:5      | Found a staircase to the Ecumenical Temple.
  1931 | Temple   | Entered the Ecumenical Temple
  1942 | Temple   | Became a worshipper of Warmaster Okawaru
  2217 | D:5      | Reached skill level 10 in Maces & Flails
  2249 | D:5      | Noticed Menkaure
  2255 | D:5      | Killed Menkaure
  2255 | D:5      | Reached skill level 5 in Fighting
  2255 | D:5      | Reached XP level 8. HP: 57/68 MP: 7/7
  2483 | D:5      | Found Bemmuthroi's Gadget Boutique.
  2883 | D:6      | Reached skill level 6 in Fighting
  3041 | D:6      | Reached skill level 7 in Fighting
  3102 | D:6      | Reached skill level 8 in Fighting
  3149 | D:6      | Reached * piety under Okawaru
  3471 | D:6      | Reached skill level 9 in Fighting
  3758 | D:7      | Reached skill level 10 in Fighting
  3840 | D:7      | Reached XP level 9. HP: 85/85 MP: 8/8
  3967 | D:7      | Found Palor's Magic Scroll Shoppe.
  3977 | D:7      | Noticed Malvoorn's ghost (novice TrMo)
  4005 | D:7      | Killed Malvoorn's ghost
  4005 | D:7      | Reached ** piety under Okawaru
  4005 | D:7      | Reached skill level 11 in Fighting
  4016 | D:7      | Bought a scroll of recharging for 114 gold pieces
  4066 | D:7      | Found a blossoming altar of Fedhas.
  4135 | D:7      | Reached skill level 1 in Invocations
  4872 | D:8      | Noticed Rationalist's ghost (novice MiBe)
  4887 | D:8      | Killed Rationalist's ghost
  4887 | D:8      | Reached *** piety under Okawaru
  5036 | D:8      | Reached XP level 10. HP: 96/97 MP: 9/9
  5037 | D:8      | Found a staircase to the Lair.
  5148 | D:8      | Found a bloodstained altar of Trog.
  5348 | Lair:1   | Entered Level 1 of the Lair of Beasts
  5438 | Lair:1   | Noticed a spiny frog
  5447 | Lair:1   | Killed a spiny frog
  5501 | Lair:1   | Noticed sveltemanboy's ghost (journeyman OgHu)
  5526 | Lair:1   | HP: 2/97 [sveltemanboy's ghost (12)]
  5530 | Lair:1   | Killed sveltemanboy's ghost
  5530 | Lair:1   | Reached **** piety under Okawaru
  6507 | Lair:2   | Noticed a five-headed hydra
  6519 | Lair:2   | Killed a five-headed hydra
  6519 | Lair:2   | Received a gift from Okawaru
  6519 | Lair:2   | Reached skill level 5 in Invocations
  6757 | Lair:2   | Noticed a spiny frog
  6763 | Lair:2   | Killed a spiny frog
  6763 | Lair:2   | Reached ***** piety under Okawaru
  6865 | Lair:2   | Reached XP level 11. HP: 98/104 MP: 14/14
  6880 | Lair:2   | Got a smoking hand crossbow
  6881 | Lair:2   | Identified the +8 hand crossbow "Coeshriu" {elec, rElec Str+2} (You found it on level 2 of the Lair of Beasts)
  7209 | Lair:3   | Got a smoking buckler
  7220 | Lair:3   | Identified the +1 buckler of the Serpent {+Blink rF+ Int-3} (You found it on level 3 of the Lair of Beasts)
  7254 | Lair:3   | Reached skill level 1 in Dodging
  7546 | Lair:3   | Noticed Maud
  7566 | Lair:3   | Killed Maud
  7585 | Lair:3   | Gained mutation: Armour fits poorly on your strangely shaped body. [potion of mutation]
  7585 | Lair:3   | Gained mutation: You have sharp toenails. [potion of mutation]
  7585 | Lair:3   | Gained mutation: You are dopey. (Int -2) [potion of mutation]
  7586 | Lair:3   | Lost mutation: Armour fits poorly on your strangely shaped body. [potion of cure mutation]
  7586 | Lair:3   | Lost mutation: You have sharp toenails. [potion of cure mutation]
  7586 | Lair:3   | Lost mutation: You are dopey. (Int -2) [potion of cure mutation]
  7719 | Lair:3   | Noticed Gastronok
  7736 | Lair:3   | Killed Gastronok
  7736 | Lair:3   | Received a gift from Okawaru
  8223 | Lair:4   | Reached skill level 5 in Armour
  8550 | Lair:4   | Reached XP level 12. HP: 111/111 MP: 16/16
  8689 | Lair:4   | Noticed a five-headed hydra
  8693 | Lair:4   | Killed a five-headed hydra
  8843 | Lair:4   | Found a staircase to the Swamp.
  8947 | Lair:4   | Noticed a six-headed hydra
  8956 | Lair:4   | Killed a six-headed hydra
  8956 | Lair:4   | Reached skill level 10 in Armour
  8987 | Lair:4   | Noticed a death yak
  8987 | Lair:4   | Noticed a death yak
  8988 | Lair:4   | Noticed a death yak
  8989 | Lair:4   | Noticed a death yak
  8989 | Lair:4   | Noticed a death yak
  8990 | Lair:4   | Noticed a death yak
  8999 | Lair:4   | Killed a death yak
  8999 | Lair:4   | Reached skill level 5 in Shields
  9011 | Lair:4   | Killed a death yak
  9029 | Lair:4   | Killed a death yak
  9048 | Lair:4   | Killed a death yak
  9060 | Lair:4   | Killed a death yak
  9060 | Lair:4   | Reached ****** piety under Okawaru
  9071 | Lair:4   | Killed a death yak
  9224 | Lair:5   | Received a gift from Okawaru
  9229 | Lair:5   | Got a faintly glowing chain mail {god gift}
  9240 | Lair:5   | Identified the +8 chain mail of Sunlight {rF- Str+5 Int+2 Dex-3} (Okawaru gifted it to you on level 5 of the Lair of Beasts)
  9246 | Lair:5   | Reached skill level 10 in Shields
  9611 | Lair:5   | Reached skill level 1 in Crossbows
  9658 | Lair:5   | Reached XP level 13. HP: 113/117 MP: 17/17
 10113 | Lair:6   | Reached skill level 5 in Crossbows
 10180 | Lair:6   | Found a hole to the Spider Nest.
 11627 | Lair:8   | Entered Level 8 of the Lair of Beasts
 11657 | Lair:8   | Received a gift from Okawaru
 11893 | Lair:8   | Found a viscous altar of Jiyva.
 11897 | Lair:8   | Found a staircase to the Slime Pits.
 11968 | Lair:8   | Reached skill level 12 in Fighting
 11971 | Lair:8   | Received a gift from Okawaru
 12249 | Lair:8   | Received a gift from Okawaru
 12321 | Lair:8   | Received a gift from Okawaru
 12321 | Lair:8   | Reached skill level 13 in Fighting
 12335 | Lair:8   | Got a serpentine copper ring
 12337 | Lair:8   | Identified the ring "Deocuq" {+Inv rF+ rC+ Str-2 Int+2} (You found it on level 8 of the Lair of Beasts)
 12536 | Lair:8   | Received a gift from Okawaru
 12537 | Lair:8   | Reached skill level 14 in Fighting
 12555 | Lair:8   | Got a fine crystal plate armour {god gift}
 12566 | Lair:8   | Identified the +5 crystal plate armour of a sewer {Dex+2 SInv} (Okawaru gifted it to you on level 8 of the Lair of Beasts)
 13656 | D:10     | Entered Level 10 of the Dungeon
 13690 | D:10     | Noticed Erica
 13699 | D:10     | Killed Erica
 13699 | D:10     | Reached XP level 14. HP: 110/133 MP: 18/18
 13795 | D:10     | Noticed Harold
 13808 | D:10     | Killed Harold
 14030 | D:10     | Noticed Nergalle
 14080 | D:10     | Killed Nergalle
 14303 | D:7      | Bought a scroll of identify for 24 gold pieces
 14303 | D:7      | Bought a scroll of identify for 24 gold pieces
 14303 | D:7      | Bought a scroll of enchant weapon for 90 gold pieces
 14303 | D:7      | Bought a scroll of identify for 24 gold pieces
 14370 | D:4      | Bought a potion of cure mutation for 275 gold pieces
 14370 | D:4      | Bought a potion of resistance for 110 gold pieces
 14370 | D:4      | Bought a potion of curing for 33 gold pieces
 14370 | D:4      | Bought a potion of curing for 33 gold pieces
 14728 | D:11     | Found a frozen archway.
 14751 | D:11     | Noticed Typee's ghost (journeyman OpCj)
 14772 | D:11     | Killed Typee's ghost
 14820 | IceCv    | Entered an ice cave
 14843 | IceCv    | Reached skill level 10 in Crossbows
 15195 | IceCv    | Noticed a frost giant
 15238 | IceCv    | Killed a frost giant
 15238 | IceCv    | Received a gift from Okawaru
 15323 | IceCv    | Got a fine lead ring
 15332 | IceCv    | Identified the ring "Syorez" {+Fly rElec rC+ MP+9 Str+4} (You found it in an ice cave)
 16061 | D:10     | Got a flickering tin ring
 16063 | D:10     | Got a smelly plate armour
 16109 | D:10     | Identified the +3 plate armour of the Dragon {Str+4} (You found it on level 10 of the Dungeon)
 16198 | D:10     | Identified the ring "Iwnacwu" {rElec rPois MR+ Int-2 SInv} (You found it on level 10 of the Dungeon)
 16588 | D:12     | Received a gift from Okawaru
 16694 | D:12     | Found a staircase to the Orcish Mines.
 16760 | D:12     | Learned a level 6 spell: Haste
 16783 | D:12     | Found a large runed door.
 16783 | D:12     | Found a large runed door.
 17020 | D:12     | Found Kiukho Weena's Assorted Antiques.
 17031 | D:12     | Bought a scroll of magic mapping for 70 gold pieces
 17031 | D:12     | Bought a potion of curing for 60 gold pieces
 17937 | Orc:1    | Entered Level 1 of the Orcish Mines
 18029 | Orc:2    | Entered Level 2 of the Orcish Mines
 18029 | Orc:2    | Found Hacir's Book Boutique.
 18295 | Orc:2    | Received a gift from Okawaru
 18393 | Orc:2    | Reached XP level 15. HP: 133/139 MP: 19/19
 18447 | Orc:2    | Found a staircase to the Elven Halls.
 18553 | Orc:2    | Found Girgh's Magic Scroll Emporium.
 18553 | Orc:2    | Found Exkeufun's Antique Armour Shop.
 18554 | Orc:2    | Found Benargh's General Store.
 18554 | Orc:2    | Found Waovyoni's Jewellery Emporium.
 18578 | Orc:2    | Bought a pair of runed boots for 157 gold pieces
 18610 | Orc:2    | Bought a scroll of identify for 26 gold pieces
 18610 | Orc:2    | Bought a scroll of identify for 26 gold pieces
 18610 | Orc:2    | Bought a scroll of identify for 26 gold pieces
 18610 | Orc:2    | Bought a scroll of identify for 26 gold pieces
 18610 | Orc:2    | Bought a scroll of identify for 26 gold pieces
 18610 | Orc:2    | Bought a scroll of identify for 26 gold pieces
 18610 | Orc:2    | Bought a scroll of identify for 26 gold pieces
 18611 | Orc:2    | Bought a scroll of blinking for 105 gold pieces
 18611 | Orc:2    | Bought a potion of heal wounds for 70 gold pieces
 18966 | D:13     | Reached skill level 15 in Armour
 19255 | D:13     | Found Zonnudap's Gadget Shoppe.
 19444 | D:13     | Reached skill level 15 in Fighting
 19560 | D:13     | Received a gift from Okawaru
 19613 | D:13     | Got a steaming hat {god gift}
 19624 | D:13     | Identified the +1 hat "Onudiler" {rF+} (Okawaru gifted it to you on level 13 of the Dungeon)
 20119 | D:14     | Found a gate to the Vaults.
 20119 | D:14     | Noticed Rupert
 20119 | D:14     | Noticed Donald
 20138 | D:13     | Reached skill level 16 in Fighting
 20179 | D:13     | Killed Rupert
 20201 | D:13     | Killed Donald
 20596 | D:14     | Reached skill level 17 in Fighting
 21365 | D:15     | Entered Level 15 of the Dungeon
 21385 | D:15     | Noticed Louise
 21413 | D:15     | Killed Louise
 21413 | D:15     | Received a gift from Okawaru
 21429 | D:15     | Found a labyrinth entrance.
 21457 | D:15     | Reached XP level 16. HP: 157/157 MP: 20/20
 21475 | Lab      | Entered a labyrinth
 22000 | D:15     | Reached skill level 18 in Fighting
 22368 | D:15     | Found a staircase to the Depths.
 22511 | D:15     | Found a glowing silver altar of Zin.
 22987 | Elf:1    | Entered Level 1 of the Elven Halls
 23071 | Elf:1    | Reached skill level 10 in Dodging
 24095 | Elf:1    | Got a sparkling iron ring
 24098 | Elf:1    | Identified the ring "Suoca" {Fire rPois MR- Int+7 Dex+3} (You found it on level 1 of the Elven Halls)
 24287 | Elf:2    | Found a magical portal.
 24307 | WizLab   | Entered The Chambers of Rayreche the Cloud Mage
 24608 | WizLab   | Received a gift from Okawaru
 24790 | WizLab   | Noticed Rayreche
 24809 | WizLab   | HP: 4/159 [Rayreche the Cloud Mage] (8)]
 24810 | WizLab   | Killed from afar by Rayreche the Cloud Mage

Skill      XL: |  1  2  3  4  5  6  7  8  9 10 11 12 13 14 15 16 |
---------------+-------------------------------------------------+-----
Shields        | 4 10 11 12 | 12.5
Armour         | 4 7 10 14 15 | 15.9
Fighting       | 4 5 10 11 14 17 18 | 18.5
Maces & Flails | 3 6 8 10 12 14 | 14.1
Invocations    | 1 6 7 |  7.0
Dodging        | 9 12 | 12.8
Crossbows      | 2 8 10 | 10.1

Action                   |  1- 3 |  4- 6 |  7- 9 | 10-12 | 13-15 | 16-18 || total
-------------------------+-------+-------+-------+-------+-------+-------++-------
Melee: Flail             |    91 |    71 |   156 |       |       |       ||   318
       Headbutt          |    26 |    20 |   104 |   247 |   504 |   113 ||  1014
       Unarmed           |       |     5 |       |       |       |       ||     5
       Mace              |       |       |   218 |   675 |  1471 |   412 ||  2776
 Fire: Hand crossbow     |       |       |       |       |   573 |   197 ||   770
Invok: Heroism           |       |       |     4 |     7 |    13 |     1 ||    25
       Finesse           |       |       |       |     3 |     5 |     1 ||     9
Evoke: Wand              |       |       |     2 |     2 |     2 |       ||     6
  Use: Scroll            |     1 |     4 |    11 |    12 |    10 |     5 ||    43
       Potion            |     1 |     2 |     5 |     3 |     2 |     5 ||    18
 Stab: Distracted        |       |       |       |       |     1 |       ||     1
  Eat: Chunk             |       |     1 |    12 |    14 |    26 |     1 ||    54
       Pizza             |       |       |     1 |       |       |       ||     1
       Royal jelly       |       |       |       |     1 |     4 |       ||     5
       Beef jerky        |       |       |       |       |     3 |     1 ||     4
       Fruit             |       |       |       |       |     8 |     6 ||    14
Armor: Scale mail        |    55 |    26 |    84 |       |       |       ||   165
       Plate armour      |       |       |   138 |   235 |       |       ||   373
       Chain mail        |       |       |       |     6 |    92 |       ||    98
       Crystal plate arm |       |       |       |       |   717 |   269 ||   986
Dodge: Dodged            |    40 |    21 |    64 |   164 |   607 |   126 ||  1022
Block: Shield            |    45 |    25 |   257 |   298 |  1196 |   404 ||  2225
       Large shield      |       |       |       |    45 |       |       ||    45
       Reflection        |       |       |       |       |     6 |    13 ||    19
